 Dungeon Crawl Stone Soup version 0.28-a0-1506-g3893175d92 (webtiles) character file.

Game seed: 17371907271951312929

74 bladeefan the Skirmisher (level 4, 0/37 HPs)
             Began as a Demonspawn Fighter on Jan 13, 2022.
             Slain by an iguana (7 damage)
             ... on level 2 of the Dungeon.
             The game lasted 00:02:07 (1914 turns).

bladeefan the Skirmisher (Demonspawn Fighter)       Turns: 1914, Time: 00:02:08

Health: 0/37       AC:  6    Str: 24    XL:     4   Next: 10%
Magic:  4/4        EV:  9    Int:  9    God:
Gold:   42         SH:  4    Dex: 13    Spells: 3/3 levels left

rFire   . . .      SeeInvis .   a - +0 flail
rCold   . . .      Faith    .   c - +0 buckler
rNeg    . . .      Spirit   .   b - +0 scale mail
rPois   .          Reflect  .   (no helmet)
rElec   .          Harm     .   (no cloak)
rCorr   .          Rampage  .   (no gloves)
Will    .....                   (no boots)
Stlth   ..........              (no amulet)
HPRegen 0.12/turn               i - +6 ring of strength
MPRegen 0.09/turn               (no ring)

@: mighty
A: foul stench 1, powered by death 1
a: no special abilities


You were on level 2 of the Dungeon.
You visited 1 branch of the dungeon, and saw 2 of its levels.

You collected 42 gold pieces.

Inventory:

Hand Weapons
 a - a +0 flail (weapon)
Armour
 b - a +0 scale mail (worn)
 c - a +0 buckler (worn)
 m - the +1 Delatra's gloves {ID++}
   (You found it on level 2 of the Dungeon)

   It heals its wearer when they drink unknown potions.
   It restores its wearer's MP when they read unknown scrolls.
Jewellery
 i - a +6 ring of strength (left hand)
   (You found it on level 1 of the Dungeon)
Scrolls
 g - a scroll of identify {unknown}
 h - 2 scrolls of fog
 j - a scroll of vulnerability {unknown}
 l - a scroll of magic mapping {unknown}
 n - a scroll of brand weapon {unknown}
Potions
 d - 2 potions of might
 e - 2 potions of cancellation {unknown}
 f - a potion of mutation {unknown}
 k - a potion of berserk rage {unknown}


   Skills:
 * Level 3.9 Fighting
 + Level 2.3 Maces & Flails
 + Level 3.1 Armour
 + Level 3.1 Shields


You had 3 spell levels left.
You didn't know any spells.
Your spell library was empty.

Dungeon Overview and Level Annotations

Branches:
Dungeon (2/15)

Altars:


Innate Abilities, Weirdness & Mutations

You may rarely emit foul miasma when damaged in melee.
You regenerate a little health from kills.


Message History

The jackal bites you but does no damage.
The iguana bites you.
The jackal bites you but does no damage.
You block the quokka's attack. The jackal bites you. The jackal bites you.
You closely miss the jackal.
The jackal bites you but does no damage. x2
You closely miss the jackal.
The jackal bites you but does no damage.
The jackal barely misses you.
The iguana hisses menacingly.
You sock the jackal!
You kill the jackal!
The jackal bites you but does no damage.
You barely miss the jackal. The jackal barely misses you. The jackal bites you.
You hit the jackal but do no damage. The jackal closely misses you.
You hit the jackal but do no damage.
The jackal bites you but does no damage.
You block the jackal's attack.
You hit the jackal but do no damage. The jackal barely misses you.
The jackal bites you but does no damage.
You hit the jackal but do no damage. The jackal bites you.
The jackal barely misses you.
You barely miss the jackal. The jackal barely misses you.
The jackal closely misses you.
You closely miss the jackal. You block the jackal's attack.
The jackal bites you but does no damage.
You thump the jackal!
You kill the jackal!
You miss the quokka.
The quokka bites you but does no damage.
The quokka bites you.
You miss the quokka.
The quokka bites you but does no damage.
The quokka barely misses you.
You barely miss the quokka. The quokka completely misses you.
You hit the quokka but do no damage. The quokka barely misses you.
You block the quokka's attack.
The iguana hisses menacingly.
You barely miss the quokka. The quokka bites you.
You barely miss the quokka. The quokka barely misses you.
The quokka bites you but does no damage.
You hit the quokka.
You kill the quokka!
You hit the iguana but do no damage. The iguana bites you!
* * * LOW HITPOINT WARNING * * *
You feel very mighty all of a sudden. The iguana bites you!
You die...

#.....# #...#. +.....#
#.#### #######...).# #.#...
............# #####...
..#####.###.#####.8)#...
####....h# #.##.'.).)'...
#.....h#b# #.##.##.8)#...
...####h#l# #.....#####...
#l.lr#@# ######....#...
#.bh#..#.# #....##'#
#...h#.##...+....+...>#...
#....##.#..#.#....#....#...
#...# ..#.#.......#....#...
#...# .##. .......#....####
#.## .# .. ...... #.......#
#. .# #...## #.......#
#.S.# ##'######


You could see an iguana, a jackal and a bat.

Vanquished Creatures
  An orc wizard (D:2)
  An adder (D:2)
  2 worms (D:2)
  3 orcs (D:2)
  5 ball pythons
  An endoplasm (D:1)
  A giant cockroach (D:1)
  2 hobgoblins
  4 jackals (D:2)
  A quokka (D:2)
  5 bats
  A frilled lizard (D:1)
  2 goblins (D:1)
  A kobold (D:2)
  3 rats
33 creatures vanquished.

Notes
Turn   | Place    | Note
-------+----------+-------------------------------------------
     0 | D:1      | bladeefan the Demonspawn Fighter began the quest for the
                  | Orb.
     0 | D:1      | Reached XP level 1. HP: 18/18 MP: 1/1
   297 | D:1      | Gained mutation: You regenerate a little health from kills.
                  | [demonic ancestry]
   297 | D:1      | Reached XP level 2. HP: 23/24 MP: 2/2
  1025 | D:2      | Reached XP level 3. HP: 22/29 MP: 3/3
  1658 | D:2      | Found the +1 Delatra's gloves {ID++}
  1666 | D:2      | Gained mutation: You may rarely emit foul miasma when
                  | damaged in melee. [demonic ancestry]
  1666 | D:2      | Reached XP level 4. HP: 21/37 MP: 4/4
  1914 | D:2      | Slain by an iguana

Illustrated notes

Levels and vault maps discovered:
D:1:      saegor_arrival_simple_b, layout_loops_ring,
          chequers_serial_rivers_small_3, minmay_tromino_v4_c
D:2:      minmay_evil_eye, layout_basic, chequers_serial_rivers_small_b,
          pf_guarded_unrand_delatra, uniq_terence, uniq_natasha

Skill      XL: |  1  2  3 |
---------------+----------+-----
Maces & Flails | 2 |  2.3
Shields        | 3 |  3.1
Armour         | 3 |  3.1
Fighting       | |  3.9

Action                   |  1- 3 |  4- 6 || total
-------------------------+-------+-------++-------
Melee: Flail             |    88 |    31 ||   119
  Use: Scroll            |     1 |       ||     1
       Potion            |       |     1 ||     1
Armor: Scale mail        |    62 |    17 ||    79
Dodge: Dodged            |    49 |    19 ||    68
Block: Buckler           |    21 |     9 ||    30

Table legend: (Time is in decaauts)
 A = Elapsed time spent in this place.
 B = Non-inter-level travel time spent in this place.
 C = Inter-level travel time spent in this place.
 D = Time resting spent in this place.
 E = Time spent auto-exploring this place.
 F = Levels seen in this place.
 G = Mean time per level.
                   A        B        C        D        E       F      G
               +--------+--------+--------+--------+--------+-----+--------+
         Total |   1960 |   1949 |     11 |    662 |    961 |   2 |  980.0 |
       Dungeon |   1960 |   1949 |     11 |    662 |    961 |   2 |  980.0 |
               +--------+--------+--------+--------+--------+-----+--------+

Top non-repeatable levels by time:
     D:1: 1124 daAuts
     D:2: 835 daAuts
